 Dungeon Crawl Stone Soup version 0.27-a0-836-gfc908b8576 (webtiles) character file.

Game seed: 7308665739272550214

53 Mesmaeker13 the Magician (level 3, -1/19 HPs)
             Began as a Deep Elf Fire Elementalist on Mar 31, 2021.
             Shot with an arrow by a centaur (6 damage)
             ... on level 4 of the Dungeon.
             The game lasted 00:03:02 (1610 turns).

Mesmaeker13 the Magician (DEFE)                     Turns: 1610, Time: 00:03:02

Health: -1/19      AC:  4    Str:  5    XL:     3   Next: 64%
Magic:  10/10      EV: 13    Int: 20    God:
Gold:   136        SH:  0    Dex: 15    Spells: 8/9 levels left

rFire    . . .     SeeInvis .   b - +0 spear
rCold    . . .     Faith    .   (no shield)
rNeg     . . .     Spirit   .   a - +0 robe
rPois    +         Reflect  .   h - +1 hat
rElec    .         Harm     .   l - scarf {shadows}
rCorr    +         Rampage  .   f - +0 pair of gloves
Will     .....                  (no boots)
Stlth    ++........             (no amulet)
HPRegen  0.06/turn              e - ring of resist corrosion
MPRegen  0.12/turn              i - ring of poison resistance

@: no status effects
A: no striking features
a: no special abilities


You were on level 4 of the Dungeon.
You visited 1 branch of the dungeon, and saw 4 of its levels.

You collected 136 gold pieces.

Inventory:

Hand Weapons
 b - a +0 spear (weapon)
Armour
 a - a +0 robe (worn)
 f - a +0 pair of gloves (worn)
 h - a +1 hat (worn)
 j - a +0 cloak
 l - a scarf of shadows (worn)
Jewellery
 e - a ring of resist corrosion (left hand)
 i - a ring of poison resistance (right hand)
 p - a +4 ring of slaying
Wands
 o - a wand of flame (9)
Scrolls
 c - 2 scrolls of teleportation
 d - a scroll of enchant armour {unknown}
 m - a scroll of identify {unknown}
Potions
 g - a potion of degeneration {unknown}
 k - 2 potions of mutation {unknown}
 n - a potion of heal wounds {unknown}
 q - a potion of curing {unknown}


   Skills:
 + Level 3.2 Dodging
 - Level 2.4 Stealth
 + Level 3.8 Spellcasting
 + Level 2.0 Conjurations
 + Level 3.8 Fire Magic


You had 8 spell levels left.
You knew the following spells:

 Your Spells              Type           Power      Damage    Failure   Level
a - Foxfire               Conj/Fire      60%        2x1d7     3%          1

Your spell library contained the following spells:

 Spells                   Type           Power      Damage    Failure   Level
 Conjure Flame            Conj/Fire      15%        6-21      12%         3
 Inner Flame              Hex/Fire       11%        N/A       19%         3
 Sticky Flame             Conj/Fire      15%        2d4       36%         4
 Fireball                 Conj/Fire      7%         3d5       71%         5


Dungeon Overview and Level Annotations

Branches:
Dungeon (4/15)
 Temple: D:4-7

Altars:
Ashenzari
Elyvilon
Fedhas
Gozag
Qazlal

Annotations:
D:3 Sigmund


Message History

Found a war axe.
Sigmund the Dreaded comes into view.
He is wielding a +0 scythe.
Unknown command.
Okay, then.
An adder comes into view.
Casting: Foxfire (safe; 4% risk of failure)
Confirm with . or Enter, or press ? or * to list all spells.
You conjure some foxfire!
The foxfire hits the adder.
The adder is heavily wounded.
The adder hisses angrily.
The foxfire hits the adder.
The adder is severely wounded.
Casting: Foxfire (safe; 4% risk of failure)
Confirm with . or Enter, or press ? or * to list all spells.
You conjure some foxfire!
The foxfire hits the adder.
The adder is almost dead.
The foxfire hits the adder.
You kill the adder!
p - a +4 ring of slaying
Found 27 stones.
Okay, then.
There is a stone staircase leading down here.
You climb downwards.
You hear the sound of rushing water.
There is an entrance to a sewer on this level.
Hurry and find it before the portal rusts away!
There is a stone staircase leading up here.
q - a lumpy red potion A centaur comes into view.
The centaur shouts!
The centaur wields a +0 shortbow.
The centaur shoots an arrow.
The arrow hits you!
Ouch! That really hurt!
* * * LOW HITPOINT WARNING * * *
Unknown command.
Unknown command.
Unknown command.
The centaur shoots an arrow.
The arrow hits you.
You die...

#.#.... .#.#..
......c. ......#####
.#....<..# ..
...#.#.#.# ... ##
#.#.#.#.#####...
....#.#.#.#.........
......@.#.........#.
###.#.#.............
#.#.#...........
#.#.#.##########
#.#.#.# #.#.#.#
#.#.#.# #.... .....


You could see a centaur.

Vanquished Creatures
  An adder (D:3)
  An orc (D:3)
  2 endoplasms
  A giant cockroach (D:1)
  6 hobgoblins (D:1)
  5 jackals
  A quokka (D:1)
  3 ball pythons
  4 bats
  4 frilled lizards
  4 goblins
  2 kobolds
  8 rats
42 creatures vanquished.

Vanquished Creatures (collateral kills)
  A foxfire (D:2)
1 creature vanquished.

Vanquished Creatures (others)
  101 foxfires
  2 plants (D:1)
103 creatures vanquished.

Grand Total: 146 creatures vanquished

Notes
Turn   | Place    | Note
-------+----------+-------------------------------------------
     0 | D:1      | Mesmaeker13 the Deep Elf Fire Elementalist began the quest
                  | for the Orb.
     0 | D:1      | Reached XP level 1. HP: 10/10 MP: 6/6
   228 | D:1      | Reached XP level 2. HP: 15/15 MP: 4/8
   920 | D:2      | Reached XP level 3. HP: 17/19 MP: 6/10
   927 | D:2      | Found a broken altar of Ashenzari.
  1221 | D:2      | Found an opulent altar of Gozag.
  1277 | D:2      | Found a white marble altar of Elyvilon.
  1284 | D:2      | Found a stormy altar of Qazlal.
  1296 | D:2      | Found a blossoming altar of Fedhas.
  1559 | D:3      | Noticed Sigmund
  1608 | D:4      | Noticed a centaur
  1610 | D:4      | Shot with an arrow by a centaur

Illustrated notes

Levels and vault maps discovered:
D:1:      ncdulo_smallfort, layout_loops_cross, serial_bayou_pond_b
D:2:      minmay_wonky_spiral, layout_rooms,
          grunt_temple_overflow_forces_of_nature, lemuel_crystal_altar,
          minitemple
D:3:      layout_basic, uniq_sigmund
D:4:      layout_basic, old_standard_altar, portal_sewer_entry_a

Skill      XL: |  1  2  3 |
---------------+----------+-----
Dodging        | 3 |  3.2
Conjurations   | 2 |  2.0
Stealth        | |  2.4
Spellcasting   | |  3.8
Fire Magic     | |  3.8

Action                   || total
-------------------------++-------
Melee: Spear             ||     3
 Cast: Foxfire           ||    56
  Use: Scroll            ||     1
Armor: Robe              ||    15
Dodge: Dodged            ||    24

Table legend: (Time is in decaauts)
 A = Elapsed time spent in this place.
 B = Non-inter-level travel time spent in this place.
 C = Inter-level travel time spent in this place.
 D = Time resting spent in this place.
 E = Time spent auto-exploring this place.
 F = Levels seen in this place.
 G = Mean time per level.
                   A        B        C        D        E       F      G
               +--------+--------+--------+--------+--------+-----+--------+
         Total |   1608 |   1576 |     32 |     40 |   1207 |   4 |  402.0 |
       Dungeon |   1608 |   1576 |     32 |     40 |   1207 |   4 |  402.0 |
               +--------+--------+--------+--------+--------+-----+--------+

Top non-repeatable levels by time:
     D:1: 857 daAuts
     D:2: 611 daAuts
     D:3: 115 daAuts
     D:4: 23 daAuts
